 Dungeon Crawl Stone Soup version 0.20.1-1-g8b1a95d (webtiles) character file.

275 Flubber the Stinger (level 6, -5/36 HPs)
             Began as an Octopode Venom Mage on Oct 25, 2017.
             Slain by a mummy (17 damage)
             ... in an ossuary.
             The game lasted 00:11:47 (2912 turns).

Flubber the Stinger (Octopode Venom Mage)           Turns: 2912, Time: 00:11:47

Health: -5/36      AC:  1    Str:  8    XL:     6   Next: 25%
Magic:  10/10      EV: 19    Int: 19    God:
Gold:   167        SH:  0    Dex: 17    Spells: 7/11 levels left

rFire    . . .     SeeInvis .   g - +4 short sword
rCold    . . .     Gourm    .   (no shield)
rNeg     . . .     Faith    .   (helmet restricted)
rPois    .         Spirit   .   (no amulet)
rElec    .         Reflect  .   (no ring)
rCorr    .         Harm     .   (no ring)
MR       .....                  (no ring)
Stlth    ++++......             (no ring)
Regen    0.2/turn               (no ring)
MPRegen  0.2/turn               (no ring)
                                (no ring)
                                (no ring)

@: agile
A: almost no armour, stealthy swim, amphibious, 8 rings, constrict 8, camouflage
1, gelatinous body 1
a: no special abilities


You were in an ossuary.
You were not hungry.

You visited 1 branch of the dungeon, and saw 4 of its levels.
You also visited: Ossuary.

You collected 167 gold pieces.

Inventory:

Hand Weapons
 d - a +0 spear
 g - a +4 short sword (weapon)
Missiles
 c - 36 arrows
 k - a throwing net (quivered)
Scrolls
 h - 3 scrolls of fear
 j - a scroll of remove curse
Potions
 e - 3 potions of curing {unknown}
 i - a potion of heal wounds {unknown}
 l - a potion of haste {unknown}
 m - a potion of magic
Books
 a - a Young Poisoner's Handbook

   Spells                             Type                      Level
   a - Sting                          Conjuration/Poison           1
   b - Poisonous Vapours              Poison/Air                   2
   c - Mephitic Cloud                 Conjuration/Poison/Air       3
   d - Olgreb's Toxic Radiance        Poison                       4
   e - Venom Bolt                     Conjuration/Poison           5
Comestibles
 b - 2 bread rations
 f - 2 royal jellies
 n - 3 fruits


   Skills:
 + Level 2.4 Short Blades
 + Level 3.1 Dodging
 - Level 3.0 Stealth
 - Level 3.0 Spellcasting
 + Level 2.6 Conjurations
 + Level 1.4 Air Magic
 + Level 4.5 Poison Magic


You had 7 spell levels left.
You knew the following spells:

 Your Spells              Type           Power        Failure   Level  Hunger
a - Sting                 Conj/Pois      ###.         3%          1    None
b - Mephitic Cloud        Conj/Pois/Air  ##......     14%         3    ###....


Dungeon Overview and Level Annotations

Branches:
Dungeon (4/15)
 Temple: D:4-7

Altars:
Okawaru
Uskayaw


Innate Abilities, Weirdness & Mutations

You cannot wear most types of armour.
You are very stealthy in the water. (Stealth+)
You are amphibious.
You can wear up to eight rings at the same time.
You can use your tentacles to constrict eight enemies at once.
Your skin changes colour to match your surroundings (Stealth+).
Your rubbery body absorbs attacks. (AC +1, EV +1)


Message History

The hobgoblin zombie misses you.
You puncture the hobgoblin zombie! You grab the hobgoblin zombie.
The hobgoblin zombie is almost destroyed.
You constrict the hobgoblin zombie.
You destroy the hobgoblin zombie!
The orc zombie closely misses you.
You puncture the orc zombie!
You destroy the orc zombie!
You puncture the hobgoblin zombie! You grab the hobgoblin zombie.
You squeeze the hobgoblin zombie.
You destroy the hobgoblin zombie!
You closely miss the mummy. Your grab misses the mummy.
You hit the mummy but do no damage. You grab the mummy.
You constrict the mummy. The mummy misses you.
You hit the mummy. You squeeze the mummy.
The mummy is moderately damaged.
You constrict the mummy. The mummy hits you!!
Ouch! That really hurt!
The mummy hits you!
You die...

#Z.....
#....#
#....#
#....#
#....#
#....#
#....#
#.MM.#
#..@.#
#.∩∩.#
######


You could see 2 mummies.

Vanquished Creatures
  An elf zombie (D:4)
  An elf skeleton (D:4)
  A hound (D:3)
  A human skeleton (D:4)
  2 adders
  4 worms
  3 dart slugs (D:1)
  4 orcs (D:3)
  A giant cockroach (D:2)
  8 goblins
  6 hobgoblins
  5 jackals (D:2)
  2 bats
  3 frilled lizards
  3 hobgoblin zombies (Ossuary)
  7 kobolds
  3 orc zombies (Ossuary)
  8 rats
63 creatures vanquished.

Notes
Turn   | Place    | Note
-------+----------+-------------------------------------------
     0 | D:1      | Flubber the Octopode Venom Mage began the quest for the Orb.
     0 | D:1      | Reached XP level 1. HP: 11/11 MP: 3/3
   104 | D:1      | Reached XP level 2. HP: 15/17 MP: 3/5
   263 | D:1      | Reached skill level 1 in Short Blades
   961 | D:1      | Reached XP level 3. HP: 21/21 MP: 3/6
  1231 | D:2      | Learned a level 3 spell: Mephitic Cloud
  1457 | D:2      | Found an iron altar of Okawaru.
  1927 | D:2      | Reached XP level 4. HP: 27/27 MP: 2/7
  2105 | D:3      | Reached skill level 1 in Air Magic
  2105 | D:3      | Reached skill level 4 in Poison Magic
  2190 | D:3      | Found a hide-covered altar of Uskayaw.
  2360 | D:3      | Reached XP level 5. HP: 31/31 MP: 1/9
  2765 | D:4      | Found a sand-covered staircase.
  2774 | D:4      | Reached XP level 6. HP: 15/36 MP: 10/10
  2868 | Ossuary  | Entered an ossuary
  2912 | Ossuary  | Slain by a mummy

Skill      XL: |  1  2  3  4  5 |
---------------+----------------+-----
Stealth        | 3 |  3.0
Short Blades   | 1 2 |  2.4
Conjurations   | 2 |  2.6
Air Magic      | 1 |  1.4
Poison Magic   | 4 |  4.5
Spellcasting   | 3 |  3.0
Dodging        | 3 |  3.1

Action                   |  1- 3 |  4- 6 || total
-------------------------+-------+-------++-------
Melee: Spear             |     5 |       ||     5
       Constrict         |    12 |    12 ||    24
       Short sword       |     2 |    35 ||    37
       Dagger            |    42 |     7 ||    49
       Tentacles         |     6 |     9 ||    15
 Cast: Sting             |    54 |    42 ||    96
  Use: Scroll            |     4 |     4 ||     8
       Potion            |       |     2 ||     2
 Stab: Sleeping          |     1 |       ||     1
  Eat: Chunk             |     4 |     2 ||     6
       Fruit             |       |     1 ||     1
Armor: Skin              |     4 |       ||     4
Dodge: Dodged            |    36 |    15 ||    51
